 Dungeon Crawl Stone Soup version 0.30-a0-297-g0ec75d9ef4 (webtiles) character file.

Game seed: 15989182862899704651

118 Iusername the Trooper (level 4, -8/41 HPs)
             Began as a Minotaur Fighter on Oct 19, 2022.
             Killed by divine providence
             ... invoked by an orc priest
              (14 damage)
             ... on level 4 of the Dungeon.
             The game lasted 00:03:37 (2946 turns).

Iusername the Trooper (Minotaur Fighter)            Turns: 2946, Time: 00:03:38

Health: -8/41      AC: 14    Str: 22    XL:     4   Next: 72%
Magic:  3/3        EV:  2    Int:  5    God:
Gold:   180        SH: 14    Dex: 16    Spells: 3/3 levels left

rFire   . . .      SeeInvis +    a - +0 trident
rCold   . . .      Faith    .    p - +0 tower shield
rNeg    . . .      Spirit   .    x - +0 plate armour
rPois   .          Reflect  .    (helmet restricted)
rElec   .          Harm     .    o - +0 cloak
rCorr   .          Rampage  .    (no gloves)
Will    .....                    r - +0 pair of boots
Stlth   ..........               (no amulet)
HPRegen 0.26/turn                t - +6 ring of dexterity
MPRegen 0.08/turn                k - ring of see invisible

@: mighty
A: horns 2, retaliatory headbutt
a: no special abilities


You were on level 4 of the Dungeon.
You visited 1 branch of the dungeon, and saw 4 of its levels.

You collected 180 gold pieces.

Inventory:

Hand Weapons
 a - a +0 trident (weapon)
Armour
 o - a +0 cloak (worn)
 p - a +0 tower shield (worn)
 r - a +0 pair of boots (worn)
 x - a +0 plate armour (worn)
Jewellery
 k - a ring of see invisible (right hand)
 t - a +6 ring of dexterity (left hand)
Scrolls
 b - a scroll of vulnerability {unknown}
 e - a scroll of enchant armour {unknown}
 g - 2 scrolls of fog
 h - a scroll of identify
 l - a scroll of brand weapon {unknown}
 s - a scroll of magic mapping {unknown}
 v - a scroll of teleportation {unknown}
 w - a scroll of enchant weapon {unknown}
Potions
 c - a potion of attraction {unknown}
 d - a potion of might
 f - a potion of mutation {unknown}
 i - a potion of lignification {unknown}
 j - a potion of curing
 m - a potion of berserk rage {unknown}
 n - a potion of cancellation
 q - a potion of heal wounds {unknown}
 u - a potion of brilliance {unknown}


   Skills:
 + Level 4.6 Fighting
 + Level 3.7 Polearms
 + Level 4.4 Armour
 + Level 4.5 Shields


You had 3 spell levels left.
You didn't know any spells.
Your spell library was empty.

Dungeon Overview and Level Annotations

Branches:
Dungeon (4/15)
 Temple: D:4-7

Altars:

Shops:
D:4 ?


Innate Abilities, Weirdness & Mutations

You have a pair of horns on your head.
You reflexively headbutt those who attack you in melee.


Message History

You block the orc wizard's attack.
The orc priest hits you from afar with a +0 trident.
You closely miss the orc wizard.
The orc wizard hits you with a +0 dagger.
The orc priest calls down the wrath of Beogh upon you.
Beogh smites you!
* * * LOW HITPOINT WARNING * * *
Unknown command.
You are too injured to fight recklessly!
Unknown command.
You are too injured to fight recklessly!
Unknown command.
You feel better.
The orc priest invokes the aid of Beogh against you.
Beogh smites you!
* * * LOW HITPOINT WARNING * * *
You block the orc wizard's attack.
You feel better.
The orc wizard hits you but does no damage.
The orc priest hits you from afar with a +0 trident.
* * * LOW HITPOINT WARNING * * *
You feel very mighty all of a sudden.
The orc wizard hits you but does no damage.
You block the orc priest's attack.
You closely miss the orc wizard.
The orc wizard hits you but does no damage.
The orc priest hits you from afar with a +0 trident!
* * * LOW HITPOINT WARNING * * *
You block the orc wizard's attack.
The orc priest begins to cast a cantrip, but forgets the words!
You closely miss the orc wizard. You block the orc wizard's attack.
You block the orc priest's attack.
You barely miss the orc wizard. You block the orc wizard's attack.
The orc priest looks braver for a moment.
You puncture the orc wizard! You headbutt the orc wizard.
You kill the orc wizard!
The orc priest hits you but does no damage.
The orc priest invokes the aid of Beogh against you.
Beogh smites you!
You die...

#### ## # #..
..
.∩###.#.##.##
.......<@)o.#
#####.#.##..#
...... ....
#.#...## ####
........
##..#.#.#
#......#
#....##.


You could see an orc priest.

Vanquished Creatures
  An orc priest (D:4)
  An orc wizard (D:4)
  2 adders
  A worm (D:3)
  3 dart slugs
  An orc (D:3)
  3 ball pythons
  4 bats
  3 endoplasms
  2 giant cockroaches (D:1)
  5 goblins
  7 hobgoblins
  8 jackals
  A frilled lizard (D:1)
  7 kobolds
  5 rats
  2 bushes (D:2)
56 creatures vanquished.

Vanquished Creatures (others)
  7 plants (D:2)
7 creatures vanquished.

Grand Total: 63 creatures vanquished

Notes
Turn   | Place    | Note
-------+----------+-------------------------------------------
     0 | D:1      | Iusername the Minotaur Fighter began the quest for the Orb.
     0 | D:1      | Reached XP level 1. HP: 19/19 MP: 0/0
   240 | D:1      | Reached XP level 2. HP: 27/27 MP: 1/1
   390 | D:1      | Found a faded altar of an unknown god.
   610 | D:1      | Reached XP level 3. HP: 31/33 MP: 2/2
  1840 | D:3      | Reached XP level 4. HP: 41/41 MP: 3/3
  2926 | D:4      | Found Deitynk's Magic Scroll Emporium.
  2946 | D:4      | Killed from afar by an orc priest

Illustrated notes

Levels and vault maps discovered:
D:1:      wander_arrival_abandoned_jail, layout_loops_corners,
          ebering_ecumenical_altar_rust
D:2:      layout_loops_ring, serial_forest, infiniplex_forest_clump_long,
          infiniplex_forest_lined_2, infiniplex_forest_corner_1,
          infiniplex_forest_clump_medium, infiniplex_forest_corner_1,
          infiniplex_forest_lined_room_, infiniplex_forest_clump_C,
          infiniplex_forest_clump_C
D:3:      layout_loops_corners
D:4:      layout_basic, ebering_ghost_rock_garden, serial_shops, shop,
          nicolae_shop_temple_entry_statues_fountains,
          minmay_misc_feat_more_columns, minmay_manual_monstrance, uniq_sigmund

Skill      XL: |  1  2 |
---------------+-------+-----
Fighting       | 4 |  4.6
Armour         | 4 |  4.4
Shields        | 4 |  4.5
Polearms       | 3 |  3.7

Action                   |  1- 3 |  4- 6 || total
-------------------------+-------+-------++-------
Melee: Trident           |   180 |    43 ||   223
       Headbutt          |    46 |     7 ||    53
  Use: Scroll            |       |     4 ||     4
       Potion            |       |     3 ||     3
Armor: Scale mail        |    28 |     8 ||    36
       Plate armour      |       |    16 ||    16
Dodge: Dodged            |    23 |     4 ||    27
Block: Buckler           |     9 |       ||     9
       Tower shield      |     3 |    28 ||    31

Table legend: (Time is in decaauts)
 A = Elapsed time spent in this place.
 B = Non-inter-level travel time spent in this place.
 C = Inter-level travel time spent in this place.
 D = Time resting spent in this place.
 E = Time spent auto-exploring this place.
 F = Levels seen in this place.
 G = Mean time per level.
                   A        B        C        D        E       F      G
               +--------+--------+--------+--------+--------+-----+--------+
         Total |   3033 |   2931 |    102 |    300 |   2068 |   4 |  758.2 |
       Dungeon |   3033 |   2931 |    102 |    300 |   2068 |   4 |  758.2 |
               +--------+--------+--------+--------+--------+-----+--------+

Top non-repeatable levels by time:
     D:3: 1181 daAuts
     D:2: 954 daAuts
     D:1: 870 daAuts
     D:4: 26 daAuts
